 Dungeon Crawl Stone Soup version 0.24-a0-779-g36f0aeb843 (webtiles) character file.

Game seed: 6418661395903806885, levelgen mode: deterministic

512 Gargoyl the Skirmisher (level 6, -13/55 HPs)
             Began as a Centaur Abyssal Knight on Oct 8, 2019.
             Was a Believer of Lugonu.
             Mangled by an ogre
             ... wielding a +0 giant club
              (28 damage)
             ... on level 4 of the Dungeon.
             The game lasted 00:04:08 (2872 turns).

Gargoyl the Skirmisher (Centaur Abyssal Knight)     Turns: 2872, Time: 00:04:09

Health: -13/55     AC:  6    Str: 15    XL:     6   Next: 99%
Magic:  8/8        EV:  8    Int: 11    God:    Lugonu [**....]
Gold:   136        SH:  0    Dex: 10    Spells: 5/5 levels left

rFire    . . .     SeeInvis .   a - +3 hand axe
rCold    . . .     Gourm    .   (no shield)
rNeg     . . .     Faith    .   i - +0 ring mail
rPois    .         Spirit   .   (no helmet)
rElec    .         Reflect  .   (no cloak)
rCorr    .         Harm     .   (no gloves)
MR       .....                  (no barding)
Stlth    ..........             (no amulet)
HPRegen  0.18/turn              (no ring)
MPRegen  0.11/turn              (no ring)

@: lethally poisoned (-13 -> -20), very quick
A: large, hooves 3, deformed body, speed 2, tough skin 3
a: Depart the Abyss, Bend Space, Renounce Religion


You were on level 4 of the Dungeon.
You worshipped Lugonu.
Lugonu was pleased with you.
You were very hungry.

You visited 1 branch of the dungeon, and saw 4 of its levels.
You visited the Abyss 1 time.

You collected 136 gold pieces.

Inventory:

Hand Weapons
 a - a +3 hand axe (weapon)
Armour
 i - a +0 ring mail (worn)
Scrolls
 g - 3 scrolls of teleportation
 h - 3 scrolls of identify
Potions
 b - 2 potions of flight
 e - 2 potions of might {unknown}
 f - 2 potions of curing
 j - a potion of heal wounds {unknown}
 k - a potion of berserk rage {unknown}
Comestibles
 c - 5 rations


   Skills:
 + Level 4.8 Fighting
 + Level 3.9 Axes
 * Level 2.8 Armour
 * Level 1.6 Dodging
 * Level 3.5 Invocations


You had 5 spell levels left.
You didn't know any spells.
Your spell library was empty.

Dungeon Overview and Level Annotations

Branches:
Dungeon (4/15)
 Temple: D:4-7

Altars:
Dithmenos
Fedhas
Hepliaklqana
Qazlal
Sif Muna
Vehumet


Innate Abilities, Weirdness & Mutations

You have hooves in place of feet.
Armour fits poorly on your strangely shaped body.
You cover ground very quickly.
You have extremely tough skin. (AC +3)


Message History

You are more poisoned.
The worker ant poisons you!
You hit the worker ant.
You kill the worker ant!
Lugonu accepts your kill.
You feel sick.
You barely miss the ogre.
You feel sick.
The ogre hits you with a +0 giant club!!
You slash the ogre!
The ogre is moderately wounded.
You slash the giant cockroach!
You kill the giant cockroach!
Lugonu accepts your kill.
You feel sick. The ogre completely misses you.
You hit the ogre.
The ogre is heavily wounded.
You feel sick.
The ogre hits you with a +0 giant club!!
Ouch! That really hurt!
You die...

#.......####...
...............
#########............#..
#......#................
..................###...
.................#####..
...............#........
.......O......##........
.......@.....###........
.......†...####.........
...........# #.........
..........?# ##.........
.......###.###..........
.......#○....#..........
.......#.....#..........
.........._.............
......#.....#..........


You could see an ogre.

Vanquished Creatures
  Grinder (D:4)
  An ogre (D:3)
  An eye of draining (Abyss:1)
  An iguana (D:4)
  A worker ant (D:4)
  An adder (D:2)
  2 oozes
  A dart slug (D:2)
  2 leopard geckos (D:1)
  An orc (D:3)
  3 bats
  5 giant cockroaches
  6 goblins
  9 hobgoblins
  6 jackals
  A quokka (D:2)
  A ball python (D:3)
  5 frilled lizards
  6 kobolds
  A quokka skeleton (D:3)
  8 rats
63 creatures vanquished.

Notes
Turn   | Place    | Note
-------+----------+-------------------------------------------
     0 | Abyss:1  | Gargoyl the Centaur Abyssal Knight began the quest for the
                  | Orb.
     0 | Abyss:1  | Reached XP level 1. HP: 19/19 MP: 2/2
    97 | Abyss:1  | Noticed an eye of draining
   110 | Abyss:1  | Killed an eye of draining
   110 | Abyss:1  | Reached skill level 4 in Fighting
   110 | Abyss:1  | Reached XP level 2. HP: 28/28 MP: 0/3
   110 | Abyss:1  | Reached XP level 3. HP: 34/34 MP: 0/4
   110 | Abyss:1  | Reached XP level 4. HP: 41/41 MP: 0/5
   266 | Abyss:1  | Noticed a sixfirhy
   267 | D:1      | Escaped the Abyss
   568 | D:1      | Reached * piety under Lugonu
  1448 | D:2      | Reached XP level 5. HP: 43/47 MP: 6/6
  1726 | D:2      | Found a hazy altar of Hepliaklqana.
  1939 | D:3      | Found a blossoming altar of Fedhas.
  1975 | D:3      | Reached ** piety under Lugonu
  1978 | D:3      | Reached skill level 1 in Dodging
  2284 | D:4      | Found a shadowy altar of Dithmenos.
  2284 | D:4      | Found a radiant altar of Vehumet.
  2284 | D:4      | Noticed Grinder
  2285 | D:4      | Paralysed by Grinder for 6 turns
  2291 | D:4      | Noticed an ogre
  2304 | D:4      | Paralysed by Grinder for 7 turns
  2317 | D:3      | Killed an ogre
  2539 | D:4      | Paralysed by Grinder for 2 turns
  2550 | D:4      | Paralysed by Grinder for 5 turns
  2565 | D:4      | Paralysed by Grinder for 4 turns
  2575 | D:4      | Killed Grinder
  2575 | D:4      | Reached XP level 6. HP: 32/53 MP: 8/8
  2717 | D:4      | Found a shimmering blue altar of Sif Muna.
  2846 | D:4      | Found a stormy altar of Qazlal.
  2872 | D:4      | Mangled by an ogre

Levels and vault maps discovered:
D:1:      minmay_arrival_checkered_box, layout_loops_corners
D:2:      layout_loops_ring, old_standard_altar
D:3:      layout_rooms, fedhas_altar_1
D:4:      layout_cave_pods, gammafunk_temple_overflow_forgotten, first_ration,
          grunt_qazlal_clouds, uniq_menkaure, uniq_grinder, uniq_natasha

Skill      XL: |  1  2  3  4  5 |
---------------+----------------+-----
Fighting       | 4 |  4.8
Axes           | 2 3 |  3.9
Dodging        | 1 |  1.6
Armour         | 2 |  2.8
Invocations    | 3 |  3.5

Action                   |  1- 3 |  4- 6 || total
-------------------------+-------+-------++-------
Melee: Hand axe          |    11 |   151 ||   162
       Kick              |     5 |    28 ||    33
Invok: Depart the Abyss  |       |     1 ||     1
  Use: Scroll            |       |     8 ||     8
       Potion            |       |     1 ||     1
  Eat: Chunk             |       |     3 ||     3
Armor: Ring mail         |       |    41 ||    41
       Leather armour    |       |     9 ||     9
       Skin              |       |    20 ||    20
Dodge: Dodged            |       |    40 ||    40

Table legend:
 A = Non-vault XP
 B = Vault XP
 C = Vault XP percentage of total XP
 D = Non-vault monster count
 E = Vault monster count
 F = Vault count percentage of total count
                 A         B        C        D         E       F
            +---------+---------+-------+---------+---------+-------
      Total |     437 |     295 |  40.3 |      62 |       1 |   1.6
            +---------+---------+-------+---------+---------+-------
        D:1 |      51 |       0 |   0.0 |      28 |       0 |   0.0
        D:2 |      31 |       0 |   0.0 |      10 |       0 |   0.0
        D:3 |     154 |       0 |   0.0 |      19 |       0 |   0.0
        D:4 |      80 |     295 |  78.7 |       4 |       1 |  20.0
    Abyss:1 |     121 |       0 |   0.0 |       1 |       0 |   0.0
            +---------+---------+-------+---------+---------+-------
